AoeStats
← All Conquistadors Are BSTRD

Arabia

510513274Analyzed
1v1 RM · 1d ago on Oct 1, 2026· 21m 35s· 2 players
Game mode
Random Map
Map size
Tiny (2 player)
Population
200
Speed
Normal
Resources
Standard
Victory
Conquest
Starting age
Dark Age
Ending age
Imperial Age
RankedLock teamsTeams togetherTeam positionsShared explorationLock speedFull tech treeHidden civsTurbo modeCheats
Victory
Defeat
🇬🇧 Gurjaras · United Kingdom
1310
+15
1297
-15
All Conquistadors Are BSTRD
6:16 Loom
9:39 Feudal Age
9:44 Man-at-Arms
12:26 Double-Bit Axe
15:16 Wheelbarrow
19:14 Scale Barding Armor
19:20 Forging
Tehn
4:54 Loom
8:22 Feudal Age
10:02 Double-Bit Axe
13:05 Horse Collar
20:31 Castle Age
18:24 Gold Mining
20:00 Bloodlines
19:57 Scale Barding Armor
20:42 Forging
Connection lost

Rejoining the realm…

Still unreachable

The connection could not be restored.

Session expired

The server has moved on; the page needs a fresh start.